 Dungeon Crawl Stone Soup version 0.18.1-50-g88ac8fd (console) character file.

109 CALLOUS the Ducker (level 4, -1/24 HPs)
             Began as a Tengu Wizard on May 13, 2018.
             Slain by an adder skeleton (3 damage)
             ... on level 2 of the Dungeon.
             The game lasted 00:45:24 (2888 turns).

CALLOUS the Ducker (Tengu Wizard)                   Turns: 2888, Time: 00:45:25

Health: -1/24      AC:  4    Str:  7    XL:     4   Next: 90%
Magic:  0/9        EV: 13    Int: 19    God:
Gold:   121        SH:  0    Dex: 13    Spells: 4 memorised, 1 level left

rFire  . . .     SeeInvis .     (no weapon)
rCold  . . .     Gourm    .     a - +0 robe
rNeg   . . .     Faith    .     (no shield)
rPois  .         Spirit   .     (helmet restricted)
rElec  .         Dismiss  .     o - +0 cloak
rCorr  .         Reflect  .     g - +0 pair of gloves
SustAt .         Harm     .     (boots unavailable)
MR     .....                    (no amulet)
Stlth  ++........               (no ring)
                                (no ring)

@: very slightly contaminated, repel missiles, not resistant to hostile
enchantments, unstealthy
A: beak, talons 3
a: no special abilities


You were on level 2 of the Dungeon.
You were not hungry.

You visited 1 branch of the dungeon, and saw 2 of its levels.

You collected 121 gold pieces.

Inventory:

Hand Weapons
 n - a cursed -2 whip
Missiles
 e - 55 stones (quivered)
 m - 27 sling bullets
 r - 23 bolts
 x - 23 arrows
Armour
 a - a +0 robe (worn)
 g - a +0 pair of gloves (worn)
 o - a +0 cloak (worn)
Jewellery
 t - an uncursed ring of stealth {unknown}
Scrolls
 f - a scroll of fog {unknown}
 h - a scroll of magic mapping {unknown}
 k - a scroll of teleportation {unknown}
 l - 3 scrolls of identify {unknown}
 s - a scroll of remove curse {unknown}
Potions
 j - a potion of haste
 v - a potion of curing {unknown}
Books
 c - a book of Minor Magic

   Spells                             Type                      Level
   a - Magic Dart                     Conjuration                  1
   b - Blink                          Translocation                2
   c - Call Imp                       Summoning                    2
   d - Repel Missiles                 Charms/Air                   2
   e - Slow                           Hexes                        2
   f - Conjure Flame                  Conjuration/Fire             3
   g - Mephitic Cloud                 Conjuration/Poison/Air       3
Comestibles
 d - a bread ration
 q - 3 fruits
 u - a meat ration


   Skills:
 + Level 0.4 Fighting
 * Level 2.0 Armour
 * Level 3.5 Dodging
 + Level 2.6 Stealth
 - Level 3.0 Spellcasting
 * Level 2.4 Conjurations
   Level 1.2 Summonings
 - Level 0.7 Translocations
 * Level 0.4 Fire Magic
 * Level 1.3 Air Magic


You had one spell level left.
You knew the following spells:

 Your Spells              Type           Power        Failure   Level  Hunger
a - Magic Dart            Conj           ##..         8%          1    None
b - Repel Missiles        Chrm/Air       #.....       21%         2    ##.....
c - Blink                 Tloc           N/A          21%         2    ##.....
d - Conjure Flame         Conj/Fire      #.......     28%         3    ###....


Dungeon Overview and Level Annotations

Branches:
Dungeon (2/15)

Altars:

Annotations:
D:2 Ijyb


Innate Abilities, Weirdness & Mutations

You have a beak for a mouth.
You have claws for feet.


Message History

You claw the adder skeleton. The adder skeleton barely misses you.
You hit the adder skeleton but do no damage.
The adder skeleton bites you but does no damage.
You barely miss the adder skeleton. You claw the adder skeleton.
You peck the adder skeleton. The adder skeleton closely misses you.
You hit the adder skeleton but do no damage.
The adder skeleton bites you.
* * * LOW HITPOINT WARNING * * *
The adder skeleton completely misses you.
You barely miss the adder skeleton. The adder skeleton bites you.
* * * LOW HITPOINT WARNING * * *
You hit the adder skeleton.
The adder skeleton bites you but does no damage.
Casting: Magic Dart
Confirm with . or Enter, or press ? or * to list all spells.
Aiming: Magic Dart
Press: ? - help, Shift-Dir - straight line, f/p - adder skeleton
Aim: an adder skeleton The magic dart hits the adder skeleton.
The adder skeleton bites you.
You die...

####### #...... ##..####.#
##...... ###......#g#
###....... .....(....#
#P........ #........
#......... #......
#PP.†..... .###.....
#.P....... S....#.(#
##.######. .......Z#### #.#
#. ........@..### #.# ##
##...........####.# #
#.#..###.........#######
#.#........##...........
###.##.####............#.#
..g... ##.....#######..
...... ##.)....## ###
..(..l #........##### ## .
..g.####.###........###. ##
#... #.(...................
..#
#.....##.##..######..#.....


You could see an adder skeleton.

Vanquished Creatures
  A hound skeleton (D:2)
  A gnoll (D:2)
  2 adders (D:2)
  An ooze (D:1)
  2 adder skeletons (D:2)
  An adder zombie (D:2)
  A dart slug (D:1)
  2 giant geckos (D:1)
  A bat zombie (D:2)
  2 giant cockroaches
  7 hobgoblins
  3 jackals (D:1)
  6 kobolds (D:1)
  2 bats (D:2)
  A giant cockroach zombie (D:2)
  A giant gecko zombie (D:2)
  4 giant newts
  6 goblins
  13 rats
57 creatures vanquished.

Notes
Turn   | Place    | Note
--------------------------------------------------------------
     0 | D:1      | CALLOUS the Tengu Wizard began the quest for the Orb.
     0 | D:1      | Reached XP level 1. HP: 10/10 MP: 5/5
    13 | D:1      | You fall through a shaft!
   176 | D:2      | Reached XP level 2. HP: 15/15 MP: 1/7
   180 | D:2      | Learned a level 2 spell: Repel Missiles
   183 | D:2      | Learned a level 2 spell: Blink
   807 | D:1      | Reached skill level 1 in Air Magic
   807 | D:1      | Reached XP level 3. HP: 18/19 MP: 0/8
   817 | D:1      | Reached skill level 1 in Armour
   827 | D:1      | Learned a level 3 spell: Conjure Flame
  2073 | D:2      | Reached XP level 4. HP: 24/24 MP: 4/9
  2545 | D:2      | Noticed Ijyb
  2888 | D:2      | Slain by an adder skeleton

Skill      XL: |  1  2  3  4 |
---------------+-------------+-----
Conjurations   | 2 |  2.4
Air Magic      | 1 |  1.3
Armour         | 1 2 |  2.0
Dodging        | 3 |  3.5
Fighting       | |  0.4
Stealth        | |  2.6
Spellcasting   | |  3.0
Summonings     | |  1.2
Translocations | |  0.7
Fire Magic     | |  0.4

Action                   |  1- 3 |  4- 6 || total
-------------------------+-------+-------++-------
Melee: Unarmed           |    65 |    54 ||   119
       Kick              |    17 |    11 ||    28
       Peck              |    10 |     9 ||    19
Throw: Stone             |    47 |    20 ||    67
 Cast: Magic Dart        |    77 |    30 ||   107
       Repel Missiles    |     2 |       ||     2
       Conjure Flame     |       |     1 ||     1
  Use: Potion            |     1 |       ||     1
 Stab: Sleeping          |     2 |     1 ||     3
  Eat: Chunk             |     3 |     4 ||     7
Armor: Robe              |    17 |    17 ||    34
Dodge: Dodged            |    64 |    43 ||   107
       Deflected         |     1 |       ||     1
